 Dungeon Crawl Stone Soup version 0.14.0-18-g0341e45 (console) character file.

240230 wheals the Sensei (level 19, -2/183 (185) HPs)
             Began as a Ghoul Venom Mage on Apr 20, 2014.
             Was a High Priest of Makhleb.
             Slain by the 27-headed Lernaean hydra (4 damage)
             ... on Level 5 of the Swamp.
             The game lasted 02:43:00 (45913 turns).

wheals the Sensei (Ghoul Venom Mage)               Turns: 45913, Time: 02:43:00

HP  -2/183 (185) AC 32     Str 14      XL: 19   Next: 73%
MP  29/29        EV  9     Int 15      God: Makhleb [*****.]
Gold 1282        SH  0     Dex 24      Spells:  6 memorised,  7 levels left

rFire  + . .     SeeInvis +       - Unarmed
rCold  + + .     Clarity  .     F - +5 pearl dragon armour
rNeg   + + +     Conserve .     (no shield)
rPois  +         rCorr    .     l - +0 helmet of Follow the Leader {Dex+5 Int+3}
rElec  .         rRot     +     G - +0 cloak {abyss:2}
SustAb . .       Spirit   .     w - +2 pair of gloves of Resourcefulness {Dex+4 Int+2 Dam+4}
rMut   .         Warding  .     I - +2 pair of boots {run}
Saprov + + +     Stasis   .     Q - amulet "Kutaunla" {Inacc rN+ MR++ Stlth+}
MR     +++..                    K - ring of Keaskohany {Hunger rC+ Acc+4 Dam+4 SInv}
                                h - ring of protection from fire

@: rotting, quick, extremely resistant to hostile enchantments, unstealthy
A: rotting body, claws 1, carnivore 3, cold resistance 1, life protection 3,
poison resistance, saprovore 3, slow healing 1, torment resistance, unbreathing
a: Minor Destruction, Lesser Servant of Makhleb, Major Destruction, Greater
Servant of Makhleb, Renounce Religion
}: 1/15 runes: gossamer


You were on level 5 of the Swamp.
You worshipped Makhleb.
Makhleb was extremely pleased with you.
You were not hungry.

You visited 6 branches of the dungeon, and saw 38 of its levels.
You visited the Abyss 1 time.
You also visited: Labyrinth and Bailey.

You collected 4668 gold pieces.
You spent 3386 gold pieces at shops.

Inventory:

Hand weapons
 b - a +4 blowgun
   (You took it off a kobold on level 8 of the Dungeon)
 c - the +7,+6 Sceptre of Torment
   (You found it on level 15 of the Dungeon)
Missiles
 u - 8 curare-tipped needles
Armour
 l - the +0 helmet of Follow the Leader (worn) {Dex+5 Int+3}
   (You bought it in a shop on level 11 of the Dungeon)

   It affects your intelligence (+3).
   It affects your dexterity (+5).
 w - the +2 pair of gloves of Resourcefulness (worn) {Dex+4 Int+2 Dam+4}
   (You bought it in a shop on level 4 of the Orcish Mines)

   It affects your intelligence (+2).
   It affects your dexterity (+4).
   It affects your damage with ranged weapons and melee attacks (+4).
 F - a +5 pearl dragon armour (worn)
   (You found it on level 4 of the Lair of Beasts)
 G - a +0 cloak (worn) {abyss:2}
   (You took it off a pale draconian on level 2 of the Abyss)
 I - a +2 pair of boots of running (worn)
   (You acquired it on level 9 of the Dungeon)
Magical devices
 n - a wand of teleportation (5)
   (You found it on level 4 of the Dungeon)
 C - a wand of heal wounds (8)
   (You found it in a labyrinth)
 D - a wand of digging (5)
   (You found it on level 10 of the Dungeon)
 E - a wand of draining (4)
   (You found it in a labyrinth)
 T - a wand of heal wounds (5)
   (You found it on level 3 of the Spider Nest)
Comestibles
 g - 3 pieces of ambrosia {!e}
 r - 8 rotting chunks of swamp dragon flesh
 J - 19 cheeses
 O - 2 chunks of giant leech flesh
Scrolls
 a - a scroll of silence {!r}
 i - 14 scrolls of remove curse
 k - 2 scrolls of fear
 q - 7 scrolls of identify
 s - 5 scrolls of magic mapping
 v - 3 scrolls of teleportation
 H - 4 scrolls of fog
 N - a scroll of recharging
 P - a scroll of torment
Jewellery
 h - a ring of protection from fire (left hand)
   (You found it on level 1 of the Dungeon)
 t - an uncursed ring of flight
   (You found it on level 8 of the Dungeon)
 x - an uncursed ring of sustain abilities
   (You found it on level 4 of the Dungeon)
 B - a cursed ring of wizardry
   (You bought it in a shop on level 6 of the Dungeon)
 K - the ring of Keaskohany (right hand) {Hunger rC+ Acc+4 Dam+4 SInv}
   (You bought it in a shop on level 2 of the Orcish Mines)

   [ring of protection from cold]

   It affects your accuracy with ranged weapons and melee attacks (+4).
   It affects your damage with ranged weapons and melee attacks (+4).
   It enhances your eyesight.
   It speeds your metabolism.
 L - an uncursed ring of protection from magic
   (You found it on level 8 of the Dungeon)
 M - a +4 ring of evasion
   (You took it off an orc knight on level 15 of the Dungeon)
 Q - the amulet "Kutaunla" (around neck) {Inacc rN+ MR++ Stlth+}
   (You bought it in a shop on level 10 of the Dungeon)

   [amulet of inaccuracy]

   It protects you from negative energy.
   It affects your resistance to hostile enchantments.
   It makes you much more stealthy.
Potions
 d - 2 potions of flight
 e - a potion of restore abilities
 f - 2 potions of might
 m - 3 potions of resistance {!q}
 o - 2 potions of haste {!q}
 z - 3 potions of curing {!q}
 A - a potion of agility
 R - a potion of magic {!q}
Books
 S - a book of Dreams
   (You found it on level 2 of the Swamp)
Miscellaneous
 y - a phial of floods
   (You found it on level 2 of the Abyss)


   Skills:
 - Level 20.0 Fighting
 - Level 15.0 Armour
 - Level 5.1 Dodging
 - Level 2.1 Stealth
 + Level 21.0 Unarmed Combat
 - Level 3.1 Spellcasting
 - Level 6.0 Necromancy
 - Level 4.0 Poison Magic
 - Level 10.0 Invocations


You had 7 spell levels left.
You knew the following spells:

 Your Spells              Type           Power        Failure   Level  Hunger
a - Sting                 Conj/Pois      #...         24%         1    #......
b - Animate Skeleton      Necr           N/A          6%          1    #......
c - Agony                 Necr           ###.....     95%         5    ######.
d - Dispel Undead         Necr           ###.....     95%         5    ######.
e - Corpse Rot            Necr           N/A          10%         2    ##.....
E - Regeneration          Chrm/Necr      ##........   50%         3    ###....


Dungeon Overview and Level Annotations

Branches:
Dungeon (15/15)            Temple (1/1) D:7             Orc (4/4) D:10
    Elf (0/3) Orc:3          Lair (8/8) D:9           Swamp (5/5) Lair:4
 Spider (5/5) Lair:6        Slime (0/6) Lair:7       Vaults (0/5) D:13
 Depths (0/5) D:15

Altars:
Ashenzari
Cheibriados
Dithmenos
Elyvilon
Fedhas
Kikubaaqudgha
Makhleb
Nemelex Xobeh
Okawaru
Sif Muna
Trog
Vehumet
Xom
Yredelemnul
Zin
The Shining One
Beogh

Shops:
D:4 ![   D:5 }   D:6 !*?=   D:10 %(*[=   D:11 [   Orc:2 =   Orc:4 }[!%

Portals:
Trove: D:13 (give +5,+7 ring of slaying)

Annotations:
Lair:7 exclusion: oklob plant
Swamp:4 exclusion: Roxanne, Roxanne
Swamp:5 Lernaean hydra, Mara


Innate Abilities, Weirdness & Mutations

Your body is rotting away.
You have sharp fingernails.
You are carnivorous and can eat meat at any time.
Your flesh is cold resistant.
You are immune to negative energy.
Your system is resistant to poisons.
You thrive on rotten meat.
You heal slowly when monsters are visible.
You are immune to unholy pain and torment.
You can survive without breathing.


Message History

Drink which item? (? for menu, Esc to quit)
Really quaff
p - 4 potions of heal wounds {!q}?
You feel much better.
Your Executioner hits the 27-headed Lernaean hydra! x2
Your Executioner hits the 27-headed Lernaean hydra.
The blizzard demon gestures at you. The freezing blast hits you!
The 27-headed Lernaean hydra bites your Executioner.
The 27-headed Lernaean hydra barely misses your Executioner.
The 27-headed Lernaean hydra bites your Executioner.
The 27-headed Lernaean hydra bites your Executioner! x2
The 27-headed Lernaean hydra misses your Executioner.
The 27-headed Lernaean hydra bites your Executioner! x2
The 27-headed Lernaean hydra bites your Executioner but does no damage.
The 27-headed Lernaean hydra bites your Executioner. x2
The 27-headed Lernaean hydra bites your Executioner but does no damage.
The 27-headed Lernaean hydra bites your Executioner.
Your Executioner dies!
The 27-headed Lernaean hydra bites you but does no damage. x6
The 27-headed Lernaean hydra barely misses you.
The 27-headed Lernaean hydra bites you but does no damage. x3
The 27-headed Lernaean hydra bites you. The 27-headed Lernaean hydra bites you!
The 27-headed Lernaean hydra bites you but does no damage.
The 27-headed Lernaean hydra bites you.
Unknown command.
Drink which item? (? for menu, Esc to quit)
Really quaff
p - 3 potions of heal wounds {!q}?
You feel much better. The blizzard demon gestures at you.
The freezing blast hits you! You resist.
One of your 2 potions of heal wounds {!q} freezes and shatters!
The 27-headed Lernaean hydra bites you but does no damage. x2
The 27-headed Lernaean hydra barely misses you.
The 27-headed Lernaean hydra bites you but does no damage.
The 27-headed Lernaean hydra bites you!
The 27-headed Lernaean hydra bites you but does no damage. x5
The 27-headed Lernaean hydra bites you!
The 27-headed Lernaean hydra closely misses you.
The 27-headed Lernaean hydra bites you.
The 27-headed Lernaean hydra bites you but does no damage. x2
The 27-headed Lernaean hydra bites you.
The 27-headed Lernaean hydra bites you but does no damage.
The 27-headed Lernaean hydra barely misses you.
The 27-headed Lernaean hydra bites you but does no damage. x3
The 27-headed Lernaean hydra bites you!
The 27-headed Lernaean hydra barely misses you.
The 27-headed Lernaean hydra bites you!
* * * LOW HITPOINT WARNING * * *
The 27-headed Lernaean hydra bites you but does no damage. x3
Unknown command.
Press: ? - help, v - describe, . - travel
Here: the 27-headed Lernaean hydra (almost dead) Some shallow water.
Read which item? (? for menu, Esc to quit)
As you read the scroll of fear, it crumbles to dust.
You assume a fearsome visage.
The blizzard demon is unaffected.
The 27-headed Lernaean hydra resists.
The blizzard demon gestures at you. The bolt of cold hits you! You resist.
* * * LOW HITPOINT WARNING * * *
The 27-headed Lernaean hydra bites you!
* * * LOW HITPOINT WARNING * * *
The 27-headed Lernaean hydra closely misses you.
The 27-headed Lernaean hydra bites you!
* * * LOW HITPOINT WARNING * * *
The 27-headed Lernaean hydra bites you!
* * * LOW HITPOINT WARNING * * *
The 27-headed Lernaean hydra bites you but does no damage. x2
The 27-headed Lernaean hydra bites you.
* * * LOW HITPOINT WARNING * * *
The 27-headed Lernaean hydra completely misses you.
The 27-headed Lernaean hydra bites you but does no damage. x9
The 27-headed Lernaean hydra barely misses you.
The 27-headed Lernaean hydra bites you but does no damage. x6
The 27-headed Lernaean hydra bites you!
* * * LOW HITPOINT WARNING * * *
The 27-headed Lernaean hydra bites you but does no damage. x2
Read which item? (? for menu, Esc to quit)
Okay, then.
Drink which item? (? for menu, Esc to quit)
Really quaff
p - a potion of heal wounds {!q}?
You feel much better. The blizzard demon gestures at you.
The freezing blast hits you! You resist.
One of your 4 potions of resistance {!q} freezes and shatters!
One of your 4 potions of curing {!q} freezes and shatters!
* * * LOW HITPOINT WARNING * * *
The 27-headed Lernaean hydra bites you.
* * * LOW HITPOINT WARNING * * *
The 27-headed Lernaean hydra bites you but does no damage.
The 27-headed Lernaean hydra closely misses you. x2
The 27-headed Lernaean hydra bites you but does no damage.
The 27-headed Lernaean hydra bites you.
* * * LOW HITPOINT WARNING * * *
The 27-headed Lernaean hydra bites you but does no damage.
The 27-headed Lernaean hydra bites you.
* * * LOW HITPOINT WARNING * * *
The 27-headed Lernaean hydra bites you but does no damage. x2
The 27-headed Lernaean hydra bites you.
You die...

# #.≈#≈≈≈##.#≈≈≈≈.##...♣♣.≈♣
≈
≈≈.#.≈≈≈≈≈.###≈######.♣♣♣.♣
≈#.≈≈≈.#≈≈.#.##≈##
##≈.♣♣♣≈♣♣
#≈≈≈≈≈≈.≈≈≈#.≈≈≈####≈.♣♣≈≈♣♣
#..#.≈%≈≈§≈≈.≈≈.≈≈##♣♣♣♣.≈♣
# #≈#.≈≈≈#≈≈#≈≈≈#≈≈# ♣≈#.♣♣
.###.≈.≈.#≈≈}≈.§.#≈## ♣≈≈.♣♣
≈≈≈≈#≈.≈#≈≈.≈≈.#D.≈§##
♣♣≈#≈♣
..≈.≈.......≈..2n.§§§# ♣♣≈≈♣
%≈#≈≈#.≈≈≈≈###.#≈≈≈§## ♣≈≈♣♣
§≈≈≈#..≈≈≈..$#≈≈≈#### ≈≈≈≈
#≈≈...≈≈##≈.#≈≈.≈# #≈≈≈#
.≈≈.≈..≈.#≈≈≈.≈≈≈≈# ♣≈≈≈≈
#≈##..≈.≈≈≈##≈≈≈≈≈≈# ♣♣≈≈ ##
.≈###.#######≈#≈≈# ♣♣♣ ####
## ##≈≈# ##


You could see the 27-headed Lernaean hydra and a blizzard demon.

Notes
Turn   | Place    | Note
--------------------------------------------------------------
     0 | D:1      | wheals, the Ghoul Venom Mage, began the quest for the Orb.
     0 | D:1      | Reached XP level 1. HP: 14/14 MP: 2/2
   263 | D:1      | Reached skill level 1 in Unarmed Combat
   436 | D:1      | Reached XP level 2. HP: 20/20 MP: 0/3
  1494 | D:2      | Found a shadowy altar of Dithmenos.
  1602 | D:2      | Reached XP level 3. HP: 23/25 MP: 0/5
  1736 | D:2      | Noticed Ijyb
  1750 | D:2      | Killed Ijyb
  1878 | D:2      | Found a glowing golden altar of the Shining One.
  1901 | D:2      | Reached XP level 4. HP: 33/33 MP: 1/5
  2201 | D:3      | Found a roughly hewn altar of Beogh.
  2548 | D:3      | Reached XP level 5. HP: 29/38 MP: 2/6
  2621 | D:3      | Reached skill level 5 in Unarmed Combat
  3394 | D:4      | Noticed a phantom
  3501 | D:4      | Reached skill level 6 in Unarmed Combat
  3556 | D:4      | Reached XP level 6. HP: 34/45 MP: 2/8
  3769 | D:4      | Noticed a phantom
  3795 | D:4      | Killed a phantom
  3795 | D:4      | Reached skill level 7 in Unarmed Combat
  3907 | D:4      | Got an ancient sling
  3908 | D:4      | Identified the +10,+4 sling "Gofograw" {venom, +Inv rN+ SInv} (You took it off a goblin on level 4 of the Dungeon)
  3928 | D:4      | Found Vaenaihu's Antique Armour Shop.
  3931 | D:4      | Bought an embroidered robe for 14 gold pieces
  4093 | D:4      | Found Biwumaedaan's Distillery.
  4097 | D:4      | Bought a potion of agility for 35 gold pieces
  4097 | D:4      | Bought a potion of heal wounds for 42 gold pieces
  4097 | D:4      | Bought a potion of brilliance for 35 gold pieces
  4108 | D:4      | Noticed Grinder
  4109 | D:4      | Paralysed by Grinder for 2 turns
  4121 | D:4      | Paralysed by Grinder for 6 turns
  4133 | D:4      | Paralysed by Grinder for 4 turns
  4145 | D:4      | Killed Grinder
  4145 | D:4      | Reached skill level 8 in Unarmed Combat
  4145 | D:4      | Reached XP level 7. HP: 28/50 MP: 1/8
  4508 | D:4      | Reached skill level 9 in Unarmed Combat
  4618 | D:5      | Entered Level 5 of the Dungeon
  4723 | D:5      | Reached XP level 8. HP: 47/57 MP: 8/10
  4909 | D:5      | Found Peum's Gadget Shop.
  5009 | D:5      | Found a shattered altar of Ashenzari.
  5012 | D:5      | Reached skill level 10 in Unarmed Combat
  5177 | D:5      | Found a shattered altar of Ashenzari.
  5181 | D:5      | Noticed Duvessa
  5210 | D:5      | Killed Duvessa
  5221 | D:5      | Noticed Dowan
  5247 | D:5      | Killed Dowan
  5541 | D:6      | Found Asairric's Jewellery Shop.
  5611 | D:6      | Found Klutt's Magic Scroll Boutique.
  5632 | D:6      | Noticed Pikel
  5870 | D:6      | Found Alaom's Assorted Antiques.
  5880 | D:6      | Bought a murky inky potion for 19 gold pieces
  5880 | D:6      | Bought a scroll labeled LOPODAL ERPHIU for 22 gold pieces
  5880 | D:6      | Bought a marble ring for 110 gold pieces
  5880 | D:6      | Bought a lumpy pink potion for 19 gold pieces
  5912 | D:6      | Reached skill level 11 in Unarmed Combat
  5957 | D:6      | Killed Pikel
  5957 | D:6      | Reached skill level 12 in Unarmed Combat
  5957 | D:6      | Reached XP level 9. HP: 50/62 MP: 7/11
  6005 | D:6      | Reached skill level 1 in Fighting
  6205 | D:6      | Found Cryckami's Distillery.
  6854 | D:7      | Reached skill level 5 in Fighting
  8200 | D:7      | Found a staircase to the Ecumenical Temple.
  8209 | Temple   | Entered the Ecumenical Temple
  8233 | Temple   | Became a worshipper of Makhleb the Destroyer
  8281 | D:7      | Noticed Crazy Yiuf
  8285 | D:7      | Killed Crazy Yiuf
  8657 | D:7      | Reached XP level 10. HP: 76/85 MP: 9/11
  9655 | D:8      | Found a flagged portal.
  9689 | Bailey   | Entered a bailey
  9712 | Bailey   | Noticed aaron's ghost (experienced DDEn)
  9743 | Bailey   | Killed aaron's ghost
  9743 | Bailey   | Reached skill level 10 in Fighting
  9983 | Bailey   | Got a brightly glowing ice dragon armour
  9986 | Bailey   | Got a crude helmet
  9990 | Bailey   | Identified the cursed -4 helmet "Fifiy" {rC+ Curse} (You found it in a bailey)
 10004 | Bailey   | Identified the +5 ice dragon armour "Emeogotz" {rF- rC++ Str+4 Int-4} (You found it in a bailey)
 10292 | D:8      | Acquired Makhleb's first power
 10517 | D:6      | Bought a glowing ivory wand for 88 gold pieces
 10547 | D:6      | Bought a scroll of enchant armour for 90 gold pieces
 10645 | D:7      | Acquired Makhleb's second power
 11217 | D:8      | Got a faintly humming ring mail
 11233 | D:8      | Identified the +6 ring mail "Nutsebb" {Str+4 Int+4} (You took it off an orc on level 8 of the Dungeon)
 11563 | D:9      | Noticed an elephant
 11563 | D:9      | Noticed an elephant
 11563 | D:9      | Noticed an elephant
 11564 | D:9      | Noticed an elephant
 11564 | D:9      | Noticed an elephant
 11565 | D:9      | Noticed an elephant
 11576 | D:9      | Noticed a cyclops
 11593 | D:8      | Killed an elephant
 11593 | D:8      | Reached XP level 11. HP: 74/102 MP: 13/13
 11698 | D:9      | Killed an elephant
 11783 | D:9      | Noticed an elephant
 11783 | D:9      | Found a staircase to the Lair.
 11811 | D:9      | Killed an elephant
 11874 | D:9      | Acquired Makhleb's third power
 11886 | D:9      | Identified a scroll of acquirement
 11890 | D:9      | Identified a +2 pair of boots of running (You acquired it on level 9 of the Dungeon)
 11984 | D:9      | @:oops
 12008 | D:9      | Killed an elephant
 12008 | D:9      | Reached skill level 5 in Armour
 12023 | D:9      | Killed an elephant
 12155 | D:9      | Killed a cyclops
 12195 | D:9      | Killed an elephant
 12218 | D:9      | Noticed an elephant
 12236 | D:9      | Killed an elephant
 12306 | D:9      | Found a shimmering altar of Xom.
 12398 | D:9      | Reached skill level 5 in Dodging
 12404 | D:9      | Found a shadowy altar of Dithmenos.
 12554 | D:9      | Reached skill level 1 in Invocations
 12634 | Lair:1   | Entered Level 1 of the Lair of Beasts
 12743 | Lair:2   | Acquired Makhleb's fourth power
 12945 | Lair:2   | Noticed an eight-headed hydra
 12953 | Lair:2   | Killed an eight-headed hydra
 13066 | Lair:3   | Reached skill level 5 in Invocations
 13256 | Lair:4   | Reached XP level 12. HP: 16/112 MP: 2/21
 13427 | Lair:4   | Acquired Makhleb's fifth power
 13809 | Lair:4   | Found a staircase to the Swamp.
 14025 | Lair:7   | Reached skill level 10 in Invocations
 14041 | Lair:8   | Entered Level 8 of the Lair of Beasts
 14041 | Lair:8   | Noticed a six-headed hydra
 14677 | Lair:1   | Noticed a five-headed hydra
 14684 | Lair:1   | Killed a five-headed hydra
 14684 | Lair:1   | Reached skill level 13 in Unarmed Combat
 14936 | Lair:1   | Noticed an eight-headed hydra
 14946 | Lair:1   | Killed an eight-headed hydra
 15913 | Lair:3   | Reached skill level 14 in Unarmed Combat
 15926 | Lair:3   | Reached XP level 13. HP: 111/117 MP: 8/25
 16063 | Lair:3   | Noticed Rupert
 16075 | Lair:3   | Killed Rupert
 16258 | Lair:3   | Reached skill level 15 in Unarmed Combat
 17025 | Lair:4   | Noticed a swamp dragon
 17051 | Lair:4   | Killed a swamp dragon
 17556 | Lair:5   | Reached skill level 16 in Unarmed Combat
 17838 | Lair:5   | Noticed an eight-headed hydra
 17844 | Lair:5   | Noticed a blizzard demon
 18137 | Lair:5   | Killed an eight-headed hydra
 18608 | Lair:6   | Found a hole to the Spider Nest.
 18933 | Lair:6   | Reached skill level 17 in Unarmed Combat
 19066 | Lair:6   | You fall through a shaft for 2 floors!
 19185 | Lair:8   | Learned a level 3 spell: Regeneration
 19187 | Lair:8   | Learned a level 1 spell: Animate Skeleton
 19227 | Lair:8   | Killed a six-headed hydra
 19364 | Lair:8   | Reached XP level 14. HP: 126/126 MP: 24/26
 20556 | Lair:7   | Found a staircase to the Slime Pits.
 20671 | Lair:8   | Learned a level 5 spell: Agony
 20677 | Lair:8   | Learned a level 5 spell: Dispel Undead
 20836 | Lair:8   | Learned a level 2 spell: Corpse Rot
 21066 | Lair:8   | Noticed a death yak
 21067 | Lair:8   | Noticed a death yak
 21067 | Lair:8   | Noticed a death yak
 21067 | Lair:8   | Noticed a death yak
 21093 | Lair:8   | Killed a death yak
 21100 | Lair:8   | Noticed a death yak
 21101 | Lair:8   | Killed a death yak
 21102 | Lair:8   | Noticed a death yak
 21113 | Lair:8   | Killed a death yak
 21776 | Lair:8   | Killed a death yak
 21810 | Lair:8   | Killed a death yak
 21822 | Lair:8   | Killed a death yak
 21871 | Lair:8   | Noticed a fire dragon
 21995 | Lair:8   | Killed a fire dragon
 21995 | Lair:8   | Reached skill level 10 in Armour
 22308 | D:9      | Killed an elephant
 22347 | D:10     | Entered Level 10 of the Dungeon
 22347 | D:10     | Found Shrawis' Armour Shop.
 22484 | D:10     | Found Giucs' Weapon Shop.
 22615 | D:10     | Found Fiofub's Food Boutique.
 22783 | D:10     | Found a staircase to the Orcish Mines.
 22828 | D:10     | Found Pahoasm's Jewellery Emporium.
 22835 | D:10     | Bought the amulet "Kutaunla" {Inacc rN+ MR++ Stlth+} for 209 gold pieces
 23101 | D:10     | Found Maecw's General Store.
 23262 | D:11     | Found a labyrinth entrance.
 23280 | Lab      | Entered a labyrinth
 23712 | D:11     | Found Ikhauplio's Antique Armour Emporium.
 23733 | D:11     | Bought an encrusted helmet for 294 gold pieces
 23736 | D:11     | Identified the +0 helmet of Follow the Leader {Dex+5 Int+3} (You bought it in a shop on level 11 of the Dungeon)
 25212 | D:13     | Found a gate to the Vaults.
 25246 | D:13     | Reached XP level 15. HP: 137/137 MP: 25/27
 25419 | D:13     | Noticed Erica
 25427 | D:13     | Killed Erica
 25612 | D:13     | Paralysed by a giant eyeball for 3 turns
 25620 | D:13     | Got a dazzling scale mail
 25638 | D:13     | Identified the cursed -3 scale mail of the Clam {Str+3} (You found it on level 13 of the Dungeon)
 25782 | D:13     | Noticed Sonja
 25786 | D:13     | Killed Sonja
 25792 | D:13     | Found a portal to a secret trove of treasure.
 26149 | D:14     | Paralysed by a giant eyeball for 4 turns
 26268 | D:14     | @:nope
 26440 | D:14     | Reached skill level 15 in Fighting
 26464 | D:14     | Reached skill level 1 in Necromancy
 26505 | D:14     | Found a glowing silver altar of Zin.
 27122 | Orc:1    | Entered Level 1 of the Orcish Mines
 27143 | Orc:1    | Noticed Maurice
 27146 | Orc:1    | Noticed Prince Ribbit
 27153 | Orc:1    | Killed Maurice
 27160 | Orc:1    | Killed Prince Ribbit
 27809 | Orc:3    | Found a staircase to the Elven Halls.
 27973 | Orc:3    | Found a roughly hewn altar of Beogh.
 28516 | Orc:2    | Found Huadwua's Jewellery Shoppe.
 28741 | Orc:4    | Entered Level 4 of the Orcish Mines
 28873 | Orc:4    | Reached skill level 5 in Necromancy
 28996 | Orc:4    | Found Shumm's Food Boutique.
 28996 | Orc:4    | Found Banacry's Distillery.
 29086 | Orc:4    | Found a roughly hewn altar of Beogh.
 29402 | Orc:4    | Found Fas Jowuenn's Armour Boutique.
 29434 | Orc:4    | Paralysed by an orc sorcerer for 6 turns
 29439 | Orc:4    | Found Saitaenk's Gadget Shoppe.
 29486 | Orc:4    | Bought the +2 pair of gloves of Resourcefulness {Dex+4 Int+2 Dam+4} for 763 gold pieces
 29864 | Orc:2    | Bought the ring of Keaskohany {Hunger rC+ Acc+4 Dam+4 SInv} for 879 gold pieces
 30048 | D:15     | Entered Level 15 of the Dungeon
 30207 | D:15     | Found a deep blue altar of Sif Muna.
 30207 | D:15     | Found a glowing golden altar of the Shining One.
 30207 | D:15     | Found a glowing silver altar of Zin.
 30370 | D:15     | Found a staircase to the Depths.
 30491 | D:15     | Reached skill level 18 in Unarmed Combat
 30570 | D:15     | Cast into the Abyss (ogre mage)
 30902 | Abyss:2  | Reached XP level 16. HP: 149/149 MP: 26/27
 31059 | Abyss:2  | Noticed a tentacled starspawn
 31066 | Abyss:2  | Killed a tentacled starspawn
 31079 | Abyss:2  | Noticed a tentacled starspawn
 31099 | Abyss:2  | Killed a tentacled starspawn
 31368 | Abyss:2  | Reached skill level 19 in Unarmed Combat
 31911 | Abyss:2  | Noticed a tentacled starspawn
 32143 | Abyss:2  | Noticed a tentacled starspawn
 32152 | Abyss:2  | Killed a tentacled starspawn
 32226 | Abyss:2  | Found a shimmering altar of Xom.
 32289 | Abyss:2  | Reached skill level 20 in Unarmed Combat
 32293 | Abyss:2  | Noticed a bone dragon
 32589 | Abyss:2  | Noticed a bone dragon
 32698 | Abyss:2  | Found a corrupted altar of Lugonu.
 32768 | Abyss:2  | Noticed a tentacled starspawn
 32784 | Abyss:2  | Killed a tentacled starspawn
 33204 | D:15     | Escaped the Abyss
 33298 | D:15     | Noticed a tengu reaver
 33308 | D:15     | Killed a tengu reaver
 33308 | D:15     | Reached skill level 21 in Unarmed Combat
 33314 | D:15     | Reached XP level 17. HP: 134/154 MP: 19/28
 33570 | D:15     | Noticed a tengu reaver
 33603 | D:15     | Killed a tengu reaver
 33859 | D:15     | Noticed a frost giant
 33930 | D:15     | @:FUCK YOY
 33930 | D:15     | @:*YOU
 33942 | D:15     | Killed a frost giant
 34670 | D:4      | Bought a potion of heal wounds for 42 gold pieces
 34670 | D:4      | Bought a potion of might for 35 gold pieces
 34719 | D:6      | Bought a scroll of teleportation for 36 gold pieces
 34719 | D:6      | Bought a scroll of recharging for 114 gold pieces
 34761 | D:6      | Bought a potion of haste for 84 gold pieces
 34761 | D:6      | Bought a potion of invisibility for 66 gold pieces
 34810 | D:6      | Bought a scroll of blinking for 165 gold pieces
 35033 | Orc:4    | Bought 2 potions of heal wounds for 90 gold pieces
 35033 | Orc:4    | Bought a potion of heal wounds for 45 gold pieces
 35033 | Orc:4    | Bought a potion of heal wounds for 45 gold pieces
 35033 | Orc:4    | Bought a potion of heal wounds for 45 gold pieces
 35261 | Spider:1 | Entered Level 1 of the Spider Nest
 35625 | Spider:1 | Noticed Agnes
 35638 | Spider:1 | Killed Agnes
 36007 | Spider:1 | Noticed Maud
 36017 | Spider:1 | Killed Maud
 36618 | Spider:2 | Noticed Arachne
 36628 | Spider:2 | Killed Arachne
 36765 | Spider:2 | Reached XP level 18. HP: 112/162 MP: 12/29
 36774 | Spider:2 | Noticed Jorgrun
 36789 | Spider:2 | Killed Jorgrun
 38257 | Spider:4 | Reached skill level 15 in Armour
 38505 | Spider:4 | Noticed Frances
 38505 | Spider:4 | Noticed Aizul
 38514 | Spider:4 | Killed Aizul
 38526 | Spider:4 | Killed Frances
 38940 | Spider:5 | Entered Level 5 of the Spider Nest
 40838 | Spider:5 | Got a gossamer rune of Zot
 41073 | Swamp:1  | Entered Level 1 of the Swamp
 42218 | Swamp:2  | Reached XP level 19. HP: 178/178 MP: 29/29
 43992 | Swamp:4  | Noticed Roxanne
 44226 | Swamp:5  | Entered Level 5 of the Swamp
 44331 | Swamp:5  | Got a twisted ring mail
 44348 | Swamp:5  | Identified the +2 ring mail of Beogh's Displeasure {MR++} (You found it on level 5 of the Swamp)
 44917 | Swamp:5  | Noticed Mara
 45018 | Swamp:5  | Noticed the 27-headed Lernaean hydra
 45019 | Swamp:5  | @:uh oh
 45780 | Swamp:5  | Reached skill level 20 in Fighting
 45912 | Swamp:5  | HP: 9/183 [the 27-headed Lernaean hydra (4)]
 45912 | Swamp:5  | HP: 2/183 [the 27-headed Lernaean hydra (7)]
 45913 | Swamp:5  | Slain by the 27-headed Lernaean hydra

Action                   |  1- 3 |  4- 6 |  7- 9 | 10-12 | 13-15 | 16-18 | 19-21 || total
-------------------------+-------+-------+-------+-------+-------+-------+-------++-------
Melee: Unarmed           |    56 |   218 |   304 |  1164 |  2365 |  1719 |   565 ||  6391
Throw: Javelin           |       |     9 |    11 |     3 |       |       |       ||    23
 Cast: Sting             |    41 |    64 |    48 |    11 |       |       |       ||   164
       Corpse Rot        |       |       |       |       |       |       |    13 ||    13
Invok: Lesser Servant of |       |       |       |     2 |       |       |       ||     2
       Greater Servant o |       |       |       |     2 |     4 |     6 |     9 ||    21
       Major Destruction |       |       |       |       |    10 |    33 |     1 ||    44
       Minor Destruction |       |       |       |       |       |       |     1 ||     1
 Abil: Evoke Flight      |       |       |       |     2 |       |       |       ||     2
Evoke: Wand              |       |     1 |     2 |    15 |    18 |     4 |     1 ||    41
       Deck              |       |       |       |     2 |       |       |       ||     2
  Use: Scroll            |       |     6 |    12 |    11 |    18 |    14 |     8 ||    69
       Potion            |       |     3 |     3 |     2 |     1 |    10 |     4 ||    23
 Stab: Sleeping          |     1 |     2 |       |     2 |       |       |       ||     5
       Distracted        |       |       |     1 |     1 |     4 |     5 |       ||    11
       Held in net/web   |       |       |       |       |       |     2 |       ||     2

Vault maps used:
D:1:      nicolae_arrival_somewhat_less_tricky_arrival,
          grunt_decor_mini_mirrors, dk_noncrumbling_1, dk_noncrumbling_3
D:2:      general_overflow_altar, grunt_dithmenos_smoke_and_mirrors,
          first_bread, st_stairs_8, grunt_ministairs_4, uniq_iyjb
D:3:      kennysheep_orc_chapel
D:4:      serial_shops, nicolae_shop_stone, kennysheep_mini_moat,
          kennysheep_generic_room_2, uniq_grinder
D:5:      overflow_temple_1_default, serial_shops, kennysheep_mini,
          cheibrodos_ashenzari_chains, uniq_duvessa
D:6:      serial_shops, nicolae_shop_trees, shop, shop, shop_fountains,
          uniq_pikel
D:7:      minmay_temple_entry_poolview, serial_pond, minmay_pond_plants_c,
          minmay_pond_plants_j, minmay_pond_plants_q, minmay_pond_plants_s,
          minmay_pond_plants_v, grunt_rat_hole, uniq_crazy_yiuf_cottage
D:8:      enter_bailey_5
D:9:      xom_confusion_cloud, dpeg_lair_monsters, basic_altar
D:10:     orc_0_dummy, serial_shops, kennysheep_little_box, shop, shop, shop,
          shop
D:11:     serial_shops, nicolae_shop_crystal, lab_entry_generic
D:13:     david_vaults_2, nicolae_trove_entry_columns, uniq_sonja, uniq_erica
D:14:     basic_altar, minivault_26
D:15:     hangedman_slaughterboxes
Temple:   circular_temple_12
Orc:1:    uniq_maurice, uniq_prince_ribbit1
Orc:2:    serial_shops, shop
Orc:3:    nicolae_orc_pool_cavern, minmay_orc_temple_c
Orc:4:    st_orc_town
Lair:2:   baited_tele_trap, lemuel_fruit_tree, infiniplex_staircase_pool,
          serial_bayou_shore_a
Lair:3:   serial_bayou_lagoon_a, uniq_rupert
Lair:4:   minmay_swamp_entry_reptiles, grunt_forest_stairs_clearing
Lair:6:   spider_nest_entry_a
Lair:7:   minmay_slime_entry_oklob_enclosed, kennysheep_basilisk_garden
Lair:8:   guppyfry_lair_end_dragon, lemuel_strawberry_fields,
          bh_autumn_forest_stairs
Swamp:1:  hangedman_swamp_diagram, swamp_pool3
Swamp:2:  infiniplex_staircase_pool_2
Swamp:3:  evilmike_swamp_ruin_rubble_1, roderic_ravens_nest, swamp_pool2
Swamp:4:  evilmike_swamp_ruin_house_2, uniq_roxanne
Swamp:5:  swamp_old_school, uniq_mara
Spider:1: zaba_anthell, uniq_maud, uniq_agnes
Spider:2: uniq_arachne, uniq_jorgrun
Spider:4: spider_trap, nicolae_spider_nook, uniq_frances, uniq_aizul
Spider:5: spider_rune_water, guppyfry_wasp_nest
Abyss:2:  hangedman_abyss_or_decor_passed
Lab:      nicolae_lab_statue, labyrinth_fake_exit, nicolae_lab_very_dead_end
Bailey:   bailey_polearm_1, bailey

Table legend:
 A = Turns spent in this place as a percentage of turns spent in the entire game.
 B = Non-inter-level travel turns spent in this place as a percentage of non-inter-level travel turns spent in the entire game.
 C = Inter-level travel turns spent in this place as a percentage of turns spent in this place.
 D = Turns resting spent in this place as a percentage of non-inter-level travel turns spent in this place.
 E = Turns spent auto-exploring this place as a percentage of non-inter-level travel turns spent in this place.
 F = Non-inter-level travel turns spent in this place divided by the number of levels of this place that you've seen.
                   A       B       C       D       E      F
               +-------+-------+-------+-------+-------+----------------------
         Total | 100.0 | 100.0 |   0.5 |   1.7 |   4.8 | 488.8
       Dungeon |  36.2 |  36.1 |   0.8 |   3.0 |   5.6 | 493.9
        Temple |   0.2 |   0.2 |   0.0 |   0.0 |   0.0 |  33.0
  Orcish Mines |   5.3 |   5.3 |   1.3 |   0.4 |   7.2 | 272.0
          Lair |  21.4 |  21.4 |   0.6 |   0.4 |   5.0 | 550.1
         Swamp |  10.2 |  10.2 |   0.2 |   1.6 |   6.2 | 419.4
   Spider Nest |  12.9 |  13.0 |   0.4 |   1.2 |   5.3 | 532.0
         Abyss |  10.8 |  10.8 |   0.0 |   1.3 |   0.0 | 1112.5
     Labyrinth |   1.6 |   1.6 |   0.0 |   0.0 |   0.0 | 325.0
        Bailey |   1.4 |   1.4 |   0.0 |   4.5 |   2.1 | 291.0
               +-------+-------+-------+-------+-------+----------------------

Table legend:
 A = Kills in this place as a percentage of kills in entire the game.
 B = Kills by you in this place as a percentage of kills by you in the entire game.
 C = Kills by friends in this place as a percentage of kills by friends in the entire game.
 D = Other kills in this place as a percentage of other kills in the entire game.
 E = Experience gained in this place as a percentage of experience gained in the entire game.
 F = Experience gained in this place divided by the number of levels of this place that you have seen.
                   A       B       C       D       E      F
               +-------+-------+-------+-------+-------+----------------------
         Total | 100.0 | 100.0 | 100.0 | 100.0 | 100.0 | 8985.0
       Dungeon |  33.4 |  33.7 |  21.9 |  25.0 |  24.0 | 6025.5
  Orcish Mines |  10.9 |  11.1 |   0.0 |  25.0 |   2.8 | 2616.0
          Lair |  21.7 |  21.4 |  43.8 |   0.0 |  16.0 | 7548.9
         Swamp |  11.0 |  11.2 |   3.1 |  25.0 |  19.3 | 14533.8
   Spider Nest |  16.0 |  15.8 |  31.2 |   0.0 |  24.2 | 18298.6
         Abyss |   6.1 |   6.2 |   0.0 |   0.0 |  13.1 | 24805.0
     Labyrinth |   0.1 |   0.1 |   0.0 |   0.0 |   0.3 | 1071.0
        Bailey |   0.7 |   0.6 |   0.0 |  25.0 |   0.3 | 1291.0
               +-------+-------+-------+-------+-------+----------------------

Vanquished Creatures
  Monster Symbol All ' '
  The ghost of aaron the Comforter, an experienced DDEn of Elyvilon (Bailey)
1 creature vanquished. All '*' A wretched star (Abyss:2) A giant spore (D:12)
2 creatures vanquished. All '2' A balrug (Abyss:2) A cacodemon (Abyss:2) A hellion (Abyss:2)
3 creatures vanquished. All '3' 3 smoke demons (Abyss:2) 3 ynoxinuls (Abyss:2) 6 neqoxecs (Abyss:2)
12 creatures vanquished. All '4' 4 orange demons (Abyss:1 Abyss:2) A sixfirhy (Abyss:2)
5 creatures vanquished. All '5' Grinder (D:4) 8 crimson imps (D:5 D:6 D:8 D:12 D:13) 4 quasits (D:7 D:8 Abyss:2) 2 white imps (Abyss:2) A shadow imp (D:12) 3 ufetubi (Abyss:2)
19 creatures vanquished. All '9' 2 gargoyles (D:11 D:15)
2 creatures vanquished. All ';' 7 sharks (Lair:1 Lair:2 Lair:3 Spider:5) 12 giant goldfish (Lair:2 Lair:1 Lair:3 Swamp:1 Swamp:2) 8 electric eels (D:7 Lair:1 Lair:2 D:14 Spider:5) 11 big fish (D:7 Lair:1 Swamp:1 Swamp:3 Swamp:5)
38 creatures vanquished. All '@' Frances (Spider:4) Maud (Spider:1) Erica (D:13) A necromancer (D:15) A wizard (D:12) Maurice (Orc:1) A human (Abyss:2)
7 creatures vanquished. All 'B' A boulder beetle (Spider:1) A boring beetle (Lair:7) 5 goliath beetles (D:7 D:12 D:15 Spider:4 Spider:5)
7 creatures vanquished. All 'C' A frost giant (D:15) 2 stone giants (D:15) 8 hill giants (D:12 D:13 D:14 D:15) 5 cyclopes (D:9 D:14 D:15)
16 creatures vanquished. All 'D' A fire dragon (Lair:8) 24 hydras (Lair:1 Lair:8 D:15 Swamp:1 Swamp:2) A swamp dragon (shapeshifter) (Abyss:2) 12 swamp dragons (Lair:4 Swamp:1 Swamp:5) 7 wyverns (Lair:5 Lair:7 D:12 D:13 D:14) 6 steam dragons (D:9 Lair:8 Lair:7 D:12) 5 mottled dragons (Lair:8 D:11 D:15)
56 creatures vanquished. All 'E' An earth elemental (Abyss:2)
1 creature vanquished. All 'F' 10 spiny frogs (Lair:2 Lair:4 Lair:3 Lair:5 Lair:8) Prince Ribbit (Orc:1) 14 blink frogs (Lair:3 Lair:8 Abyss:2) 19 giant frogs (D:5 D:6 D:7 D:8 D:9)
44 creatures vanquished. All 'G' 3 giant orange brains (Abyss:2) 3 eyes of draining (D:11 D:15 Abyss:1) 3 giant eyeballs (D:13 D:14)
9 creatures vanquished. All 'H' 2 tengu reavers (D:15) A minotaur (Lab) 4 tengu warriors (D:15) A harpy (D:15) 2 griffons (Lair:3 D:15) 2 manticores (D:13 D:15) 7 hippogriffs (Lair:1 Lair:5 Lair:6 Lair:8 Lair:7)
19 creatures vanquished. All 'I' 3 sky beasts (D:6 Abyss:2 D:15) 5 ice beasts (D:8 D:10 D:11 D:12 D:15)
8 creatures vanquished. All 'J' 6 slime creatures (D:12 D:15) 4 jellies (D:6 Abyss:2)
10 creatures vanquished. All 'K' Pikel (D:6) 2 kobold demonologists (D:15) Sonja (D:13) 2 big kobolds (D:14 D:15) 21 kobolds (D:1 D:2 D:3 D:8 D:9)
27 creatures vanquished. All 'M' A mummy (D:9)
1 creature vanquished. All 'N' A naga warrior (Abyss:2) A naga (Abyss:2)
2 creatures vanquished. All 'O' 2 ogre magi (D:15) A two-headed ogre (D:9) 6 ogres (D:4 D:6 D:7 D:10 Orc:4)
9 creatures vanquished. All 'P' 2 thorn hunters (Swamp:1 Swamp:4) 2 shambling mangroves (Swamp:3 Swamp:5) 2 thorn lotuses (Swamp:3 Swamp:5) A briar patch (Swamp:1) 3 plants (Lair:2 Lair:7)
10 creatures vanquished. All 'R' A rakshasa (Abyss:2) 3 efreet (Abyss:2 D:15)
4 creatures vanquished. All 'S' Aizul (Spider:4) A guardian serpent (Abyss:2) 3 black mambas (Lair:1 Lair:8) 18 water moccasins (D:7 Lair:3 Lair:7 Lair:1 Lair:2) 13 adders (D:2 D:3 D:4 D:5 D:9)
36 creatures vanquished. All 'T' A deep troll earth mage (D:15) 6 trolls (D:10 D:13 D:14 D:15)
7 creatures vanquished. All 'U' A grizzly bear (Lair:4) 2 black bears (Lair:4 Lair:1)
3 creatures vanquished. All 'V' 3 vampires (D:15 Abyss:2)
3 creatures vanquished. All 'W' A freezing wraith (D:15) 2 wraiths (Abyss:2)
3 creatures vanquished. All 'X' 4 tentacled starspawn (Abyss:2) 2 thrashing horrors (Abyss:2) 10 large abominations (Abyss:2) 9 starcursed masses (Abyss:2) A feature mimic (Lair:7)
26 creatures vanquished. All 'Y' 6 death yaks (Lair:8) 27 elephants (D:8 D:9 Lair:3 Lair:4 Lair:6) 46 yaks (D:6 D:7 D:9 Lair:3 Lair:5) 19 sheep (Lair:4 Lair:8)
98 creatures vanquished. All 'Z' An anaconda zombie (Abyss:1) A quicksilver dragon simulacrum (Abyss:2) 2 centaur zombies (D:13 D:15) A stone giant simulacrum (Abyss:2) 2 hydra skeletons (D:10 Abyss:2) A hill giant zombie (D:13) A hill giant skeleton (D:8) A cyclops skeleton (D:13) A warg zombie (Orc:4) A troll skeleton (D:10) A two-headed ogre zombie (D:7) A mottled dragon zombie (D:14) An ogre zombie (D:9)
15 creatures vanquished. All 'a' A queen ant (Spider:1) 22 soldier ants (D:15 Spider:1) 37 worker ants (D:4 D:5 D:8 D:9 D:12)
60 creatures vanquished. All 'b' 18 ravens (D:15 Swamp:1 Swamp:2 Swamp:3 Swamp:4) 22 bats (D:1 D:2 D:3 D:4 D:5) 2 butterflies (D:15)
42 creatures vanquished. All 'c' 3 yaktaur captains (D:13 D:15) 8 centaur warriors (D:13 D:15) 5 yaktaurs (D:13 D:15) 19 centaurs (D:7 D:8 D:10 D:12 D:14)
35 creatures vanquished. All 'd' A pale draconian (Abyss:2)
1 creature vanquished. All 'e' A deep elf knight (D:15) A deep elf mage (D:13) Duvessa (D:5) Dowan (D:5)
4 creatures vanquished. All 'f' 3 ballistomycetes (D:12) 2 fungi (Lair:5 Swamp:5)
5 creatures vanquished. All 'g' A boggart (shapeshifter) (D:15) 4 boggarts (D:14) Crazy Yiuf (D:7) Ijyb (D:2) 4 gnolls (D:7) 19 goblins (D:1 D:3 D:4 D:6 D:7) 24 hobgoblins (D:1 D:2 D:3 D:4 D:5)
54 creatures vanquished. All 'h' 3 raiju (Abyss:2) 7 wargs (Orc:4) 24 wolves (Lair:4 Lair:8) 7 hounds (D:5 D:9 Lair:2 Lair:6 D:10) 39 jackals (D:4 D:6 Lair:1 Lair:2 Lair:3)
80 creatures vanquished. All 'i' Agnes (Spider:1) 2 spriggan druids (Swamp:4) 10 spriggans (Lair:4 Swamp:2 Swamp:3 Swamp:4 Swamp:5)
13 creatures vanquished. All 'j' 6 giant slugs (D:9 Lair:4 Lair:3 Lair:5 Lair:8)
6 creatures vanquished. All 'k' 9 giant fireflies (Swamp:1 Swamp:2 Swamp:3 Swamp:4 Swamp:5) 21 killer bees (D:8 D:9 D:13 D:14)
30 creatures vanquished. All 'l' 8 komodo dragons (Lair:2 Lair:4 Lair:1 Lair:5 Lair:6) A komodo dragon (shapeshifter) (D:13) 2 fire drakes (Lair:8) A basilisk (shapeshifter) (Abyss:2) 9 basilisks (Lair:2 Lair:7 Lair:8 D:14 D:15) 8 swamp drakes (Swamp:1 Swamp:2 Swamp:3 Swamp:4 Swamp:5) 8 iguanas (D:7 Lair:1 Lair:3 Lair:5 Lair:8) 11 giant geckos (D:1 D:3 D:4 D:8 Lair:1) 5 giant newts (D:2 D:3 D:4)
53 creatures vanquished. All 'n' 14 bog bodies (Swamp:1 Swamp:2 Swamp:4 Swamp:5) 2 necrophages (D:5 D:11)
16 creatures vanquished. All 'o' An orc high priest (Orc:3) 3 orc knights (D:15) 10 orc sorcerers (Orc:3 Orc:4 Abyss:2) 13 orc warriors (D:7 Bailey D:8 D:10 Orc:3) 22 orc priests (D:3 D:6 D:7 D:9 D:10) 37 orc wizards (D:6 D:7 D:8 D:10 Orc:2) 179 orcs (D:3 D:6 D:5 D:7 Bailey)
265 creatures vanquished. All 'p' 3 shadows (D:15 Swamp:1) 3 hungry ghosts (D:14 D:8) 6 phantoms (D:4 D:13 D:9 Swamp:5)
12 creatures vanquished. All 'q' Jorgrun (Spider:2)
1 creature vanquished. All 'r' 2 porcupines (Lair:3 Lair:4) An orange rat (D:7) 58 green rats (D:7 Lair:2 Lair:3 Lair:4 Lair:1) 11 quokkas (D:5 Lair:1 Lair:2 Lair:3 Lair:4) 30 rats (D:1 D:2 D:3 D:4 D:5)
102 creatures vanquished. All 's' 5 emperor scorpions (Spider:1 Spider:5) 13 orb spiders (Spider:1 Spider:2 Spider:3 Spider:4 Spider:5) 24 wolf spiders (D:15 Lair:6 Spider:1 Spider:2 Spider:3) 16 demonic crawlers (Lair:6 Spider:1 Spider:2 Spider:3 Spider:4) 28 jumping spiders (Lair:6 Spider:1 Spider:2 Spider:3 Spider:4) 13 trapdoor spiders (Lair:6 Spider:1 Spider:2 Spider:3 Spider:4) 46 redbacks (Lair:6 Spider:1 Spider:2 Spider:3 Spider:4) A tarantella (shapeshifter) (D:15) 15 tarantellas (Lair:6 Spider:1 Spider:2 Spider:3 Spider:4) 40 spiders (Lair:6 Spider:1 Spider:2 Spider:3 Spider:4) 12 scorpions (D:5 D:7 D:8 D:9 D:11) 7 giant cockroaches (D:1 D:2 D:4 D:5 D:7)
220 creatures vanquished. All 't' 7 alligators (Swamp:3 Swamp:4 Swamp:5) A fire crab (shapeshifter) (D:15) A baby alligator (shapeshifter) (D:14) 3 baby alligators (Lair:4 Swamp:3) 18 crocodiles (Lair:4 Lair:7 Lair:2 Lair:3 Lair:8)
30 creatures vanquished. All 'u' 11 ugly things (D:12 D:14 D:15)
11 creatures vanquished. All 'v' 3 vapours (Swamp:2 Swamp:4) 8 insubstantial wisps (Swamp:4)
11 creatures vanquished. All 'w' 14 giant leeches (Swamp:1 Swamp:2 Swamp:3 Swamp:4 Swamp:5) 24 swamp worms (Swamp:1 Swamp:2 Swamp:3 Swamp:4 Swamp:5) 4 worms (D:2 D:4 D:8)
42 creatures vanquished. All 'x' 4 unseen horrors (D:15) 3 worldbinders (Abyss:2) 2 ancient zymes (Abyss:2) 15 small abominations (Abyss:1 Abyss:2)
24 creatures vanquished. All 'y' 3 ghost moths (Spider:2 Spider:5) 11 red wasps (Spider:2 Spider:4 Spider:5 Swamp:3) A red wasp (shapeshifter) (D:15) A moth of wrath (Spider:5) 25 vampire mosquitoes (D:14 D:15 Swamp:2 Swamp:4 Swamp:5) 5 yellow wasps (D:15 D:9 Spider:2 Spider:5)
46 creatures vanquished. All 'z' A flaming corpse (Abyss:2) 2 flying skulls (Abyss:2) A human zombie (D:15) 30 wights (D:6 D:7 D:8 D:9 D:12) A giant frog skeleton (D:13) A hound zombie (D:10) An orc skeleton (Orc:3) A hobgoblin skeleton (D:6) 2 hobgoblin zombies (D:5 D:7) A kobold skeleton (D:4) A kobold zombie (D:5) 11 orc zombies (D:7 D:8 Orc:4) A quokka skeleton (D:8)
54 creatures vanquished.
1720 creatures vanquished. Monster Nature Uniques Agnes (Spider:1) Frances (Spider:4) Maud (Spider:1) Aizul (Spider:4) Jorgrun (Spider:2) Erica (D:13) Pikel (D:6) Maurice (Orc:1) Grinder (D:4) Prince Ribbit (Orc:1) Sonja (D:13) Duvessa (D:5) Dowan (D:5) Crazy Yiuf (D:7) Ijyb (D:2)
15 creatures vanquished. Natural Monsters 2 tengu reavers (D:15) A frost giant (D:15) 3 ghost moths (Spider:2 Spider:5) 5 emperor scorpions (Spider:1 Spider:5) 2 stone giants (D:15) A pale draconian (Abyss:2) A minotaur (Lab) 3 yaktaur captains (D:13 D:15) A fire dragon (Lair:8) 24 hydras (Lair:1 Lair:8 D:15 Swamp:1 Swamp:2) A naga warrior (Abyss:2) 2 ogre magi (D:15) 7 alligators (Swamp:3 Swamp:4 Swamp:5) A deep troll earth mage (D:15) 6 death yaks (Lair:8) An orc high priest (Orc:3) 4 tengu warriors (D:15) 8 centaur warriors (D:13 D:15) A fire crab (shapeshifter) (D:15) A deep elf knight (D:15) 3 giant orange brains (Abyss:2) The ghost of aaron the Comforter, an experienced DDEn of Elyvilon (Bailey) 2 spriggan druids (Swamp:4) 13 orb spiders (Spider:1 Spider:2 Spider:3 Spider:4 Spider:5) 4 unseen horrors (D:15) 3 orc knights (D:15) A necromancer (D:15) A harpy (D:15) A swamp dragon (shapeshifter) (Abyss:2) 8 hill giants (D:12 D:13 D:14 D:15) 12 swamp dragons (Lair:4 Swamp:1 Swamp:5) A wizard (D:12) 2 griffons (Lair:3 D:15) 10 orc sorcerers (Orc:3 Orc:4 Abyss:2) 11 red wasps (Spider:2 Spider:4 Spider:5 Swamp:3) A red wasp (shapeshifter) (D:15) 24 wolf spiders (D:15 Lair:6 Spider:1 Spider:2 Spider:3) A moth of wrath (Spider:5) 27 elephants (D:8 D:9 Lair:3 Lair:4 Lair:6) A guardian serpent (Abyss:2) 5 cyclopes (D:9 D:14 D:15) 2 manticores (D:13 D:15) 3 black mambas (Lair:1 Lair:8) A queen ant (Spider:1) 2 kobold demonologists (D:15) 10 spiny frogs (Lair:2 Lair:4 Lair:3 Lair:5 Lair:8) 5 yaktaurs (D:13 D:15) 8 komodo dragons (Lair:2 Lair:4 Lair:1 Lair:5 Lair:6) A komodo dragon (shapeshifter) (D:13) 2 fire drakes (Lair:8) A boggart (shapeshifter) (D:15) 4 boggarts (D:14) 28 jumping spiders (Lair:6 Spider:1 Spider:2 Spider:3 Spider:4) A baby alligator (shapeshifter) (D:14) A two-headed ogre (D:9) 9 giant fireflies (Swamp:1 Swamp:2 Swamp:3 Swamp:4 Swamp:5) 14 giant leeches (Swamp:1 Swamp:2 Swamp:3 Swamp:4 Swamp:5) 6 trolls (D:10 D:13 D:14 D:15) 14 blink frogs (Lair:3 Lair:8 Abyss:2) 6 slime creatures (D:12 D:15) 3 baby alligators (Lair:4 Swamp:3) 18 ravens (D:15 Swamp:1 Swamp:2 Swamp:3 Swamp:4) A basilisk (shapeshifter) (Abyss:2) A boulder beetle (Spider:1) 9 basilisks (Lair:2 Lair:7 Lair:8 D:14 D:15) A grizzly bear (Lair:4) 7 wyverns (Lair:5 Lair:7 D:12 D:13 D:14) 13 trapdoor spiders (Lair:6 Spider:1 Spider:2 Spider:3 Spider:4) 11 ugly things (D:12 D:14 D:15) 3 raiju (Abyss:2) 46 redbacks (Lair:6 Spider:1 Spider:2 Spider:3 Spider:4) 10 spriggans (Lair:4 Swamp:2 Swamp:3 Swamp:4 Swamp:5) 7 sharks (Lair:1 Lair:2 Lair:3 Spider:5) 46 yaks (D:6 D:7 D:9 Lair:3 Lair:5) A tarantella (shapeshifter) (D:15) 15 tarantellas (Lair:6 Spider:1 Spider:2 Spider:3 Spider:4) 6 steam dragons (D:9 Lair:8 Lair:7 D:12) A deep elf mage (D:13) A human (Abyss:2) 7 hippogriffs (Lair:1 Lair:5 Lair:6 Lair:8 Lair:7) A naga (Abyss:2) 7 wargs (Orc:4) 5 mottled dragons (Lair:8 D:11 D:15) 22 soldier ants (D:15 Spider:1) 24 wolves (Lair:4 Lair:8) 24 swamp worms (Swamp:1 Swamp:2 Swamp:3 Swamp:4 Swamp:5) 5 yellow wasps (D:15 D:9 Spider:2 Spider:5) 18 water moccasins (D:7 Lair:3 Lair:7 Lair:1 Lair:2) 40 spiders (Lair:6 Spider:1 Spider:2 Spider:3 Spider:4) 2 black bears (Lair:4 Lair:1) 8 swamp drakes (Swamp:1 Swamp:2 Swamp:3 Swamp:4 Swamp:5) 3 sky beasts (D:6 Abyss:2 D:15) 12 giant goldfish (Lair:2 Lair:1 Lair:3 Swamp:1 Swamp:2) 13 orc warriors (D:7 Bailey D:8 D:10 Orc:3) 2 porcupines (Lair:3 Lair:4) 5 ice beasts (D:8 D:10 D:11 D:12 D:15) 19 centaurs (D:7 D:8 D:10 D:12 D:14) 6 ogres (D:4 D:6 D:7 D:10 Orc:4) 18 crocodiles (Lair:4 Lair:7 Lair:2 Lair:3 Lair:8) A boring beetle (Lair:7) 6 giant slugs (D:9 Lair:4 Lair:3 Lair:5 Lair:8) 2 big kobolds (D:14 D:15) 19 giant frogs (D:5 D:6 D:7 D:8 D:9) 3 eyes of draining (D:11 D:15 Abyss:1) 8 electric eels (D:7 Lair:1 Lair:2 D:14 Spider:5) 12 scorpions (D:5 D:7 D:8 D:9 D:11) 21 killer bees (D:8 D:9 D:13 D:14) 4 jellies (D:6 Abyss:2) 5 goliath beetles (D:7 D:12 D:15 Spider:4 Spider:5) 22 orc priests (D:3 D:6 D:7 D:9 D:10) 7 hounds (D:5 D:9 Lair:2 Lair:6 D:10) 37 orc wizards (D:6 D:7 D:8 D:10 Orc:2) 8 iguanas (D:7 Lair:1 Lair:3 Lair:5 Lair:8) 11 big fish (D:7 Lair:1 Swamp:1 Swamp:3 Swamp:5) An orange rat (D:7) 37 worker ants (D:4 D:5 D:8 D:9 D:12) 19 sheep (Lair:4 Lair:8) 58 green rats (D:7 Lair:2 Lair:3 Lair:4 Lair:1) 13 adders (D:2 D:3 D:4 D:5 D:9) 4 gnolls (D:7) 4 worms (D:2 D:4 D:8) 3 giant eyeballs (D:13 D:14) 11 giant geckos (D:1 D:3 D:4 D:8 Lair:1) 179 orcs (D:3 D:6 D:5 D:7 Bailey) 7 giant cockroaches (D:1 D:2 D:4 D:5 D:7) 19 goblins (D:1 D:3 D:4 D:6 D:7) 24 hobgoblins (D:1 D:2 D:3 D:4 D:5) 39 jackals (D:4 D:6 Lair:1 Lair:2 Lair:3) 11 quokkas (D:5 Lair:1 Lair:2 Lair:3 Lair:4) 22 bats (D:1 D:2 D:3 D:4 D:5) 5 giant newts (D:2 D:3 D:4) 21 kobolds (D:1 D:2 D:3 D:8 D:9) 30 rats (D:1 D:2 D:3 D:4 D:5) 2 butterflies (D:15)
1441 creatures vanquished. Non-Living Monsters 4 tentacled starspawn (Abyss:2) 2 thrashing horrors (Abyss:2) A wretched star (Abyss:2) 9 starcursed masses (Abyss:2) 3 worldbinders (Abyss:2) 2 gargoyles (D:11 D:15) 3 vapours (Swamp:2 Swamp:4) A feature mimic (Lair:7) 2 ancient zymes (Abyss:2) 8 insubstantial wisps (Swamp:4) An earth elemental (Abyss:2)
36 creatures vanquished. Undead Monsters An anaconda zombie (Abyss:1) 10 large abominations (Abyss:2) A quicksilver dragon simulacrum (Abyss:2) A flaming corpse (Abyss:2) 2 centaur zombies (D:13 D:15) A freezing wraith (D:15) A stone giant simulacrum (Abyss:2) 14 bog bodies (Swamp:1 Swamp:2 Swamp:4 Swamp:5) 2 hydra skeletons (D:10 Abyss:2) 2 flying skulls (Abyss:2) 3 shadows (D:15 Swamp:1) 2 wraiths (Abyss:2) 3 vampires (D:15 Abyss:2) A hill giant zombie (D:13) 25 vampire mosquitoes (D:14 D:15 Swamp:2 Swamp:4 Swamp:5) 3 hungry ghosts (D:14 D:8) A human zombie (D:15) A hill giant skeleton (D:8) 2 necrophages (D:5 D:11) 15 small abominations (Abyss:1 Abyss:2) 6 phantoms (D:4 D:13 D:9 Swamp:5) A cyclops skeleton (D:13) A warg zombie (Orc:4) 30 wights (D:6 D:7 D:8 D:9 D:12) A troll skeleton (D:10) A giant frog skeleton (D:13) A two-headed ogre zombie (D:7) A mottled dragon zombie (D:14) An ogre zombie (D:9) A hound zombie (D:10) A mummy (D:9) An orc skeleton (Orc:3) A hobgoblin skeleton (D:6) 2 hobgoblin zombies (D:5 D:7) A kobold skeleton (D:4) A kobold zombie (D:5) 11 orc zombies (D:7 D:8 Orc:4) A quokka skeleton (D:8)
154 creatures vanquished. Demonic Monsters A balrug (Abyss:2) A cacodemon (Abyss:2) A rakshasa (Abyss:2) A hellion (Abyss:2) 4 orange demons (Abyss:1 Abyss:2) A sixfirhy (Abyss:2) 3 smoke demons (Abyss:2) 3 efreet (Abyss:2 D:15) 16 demonic crawlers (Lair:6 Spider:1 Spider:2 Spider:3 Spider:4) 3 ynoxinuls (Abyss:2) 6 neqoxecs (Abyss:2) 8 crimson imps (D:5 D:6 D:8 D:12 D:13) 4 quasits (D:7 D:8 Abyss:2) 2 white imps (Abyss:2) A shadow imp (D:12) 3 ufetubi (Abyss:2)
58 creatures vanquished. Plants 2 thorn hunters (Swamp:1 Swamp:4) 2 shambling mangroves (Swamp:3 Swamp:5) 2 thorn lotuses (Swamp:3 Swamp:5) A giant spore (D:12) 3 ballistomycetes (D:12) A briar patch (Swamp:1) 2 fungi (Lair:5 Swamp:5) 3 plants (Lair:2 Lair:7)
16 creatures vanquished.
1720 creatures vanquished. Ascending Order Agnes (Spider:1) Frances (Spider:4) A frost giant (D:15) Maud (Spider:1) A balrug (Abyss:2) Aizul (Spider:4) A cacodemon (Abyss:2) Jorgrun (Spider:2) A pale draconian (Abyss:2) A minotaur (Lab) A fire dragon (Lair:8) A naga warrior (Abyss:2) Erica (D:13) A rakshasa (Abyss:2) A deep troll earth mage (D:15) An orc high priest (Orc:3) A fire crab (shapeshifter) (D:15) A deep elf knight (D:15) A wretched star (Abyss:2) The ghost of aaron the Comforter, an experienced DDEn of Elyvilon (Bailey) An anaconda zombie (Abyss:1) A necromancer (D:15) A quicksilver dragon simulacrum (Abyss:2) A harpy (D:15) A swamp dragon (shapeshifter) (Abyss:2) Pikel (D:6) A flaming corpse (Abyss:2) A wizard (D:12) A hellion (Abyss:2) A red wasp (shapeshifter) (D:15) A moth of wrath (Spider:5) A guardian serpent (Abyss:2) Maurice (Orc:1) A sixfirhy (Abyss:2) A queen ant (Spider:1) A komodo dragon (shapeshifter) (D:13) A freezing wraith (D:15) A feature mimic (Lair:7) Grinder (D:4) A boggart (shapeshifter) (D:15) A baby alligator (shapeshifter) (D:14) A two-headed ogre (D:9) Prince Ribbit (Orc:1) A stone giant simulacrum (Abyss:2) A basilisk (shapeshifter) (Abyss:2) A boulder beetle (Spider:1) A grizzly bear (Lair:4) Sonja (D:13) A tarantella (shapeshifter) (D:15) A hill giant zombie (D:13) A deep elf mage (D:13) A human (Abyss:2) A naga (Abyss:2) A human zombie (D:15) A hill giant skeleton (D:8) Duvessa (D:5) A boring beetle (Lair:7) An earth elemental (Abyss:2) A cyclops skeleton (D:13) A warg zombie (Orc:4) A troll skeleton (D:10) Dowan (D:5) A giant frog skeleton (D:13) Crazy Yiuf (D:7) A two-headed ogre zombie (D:7) An orange rat (D:7) A mottled dragon zombie (D:14) Ijyb (D:2) An ogre zombie (D:9) A hound zombie (D:10) A mummy (D:9) A shadow imp (D:12) An orc skeleton (Orc:3) A quokka skeleton (D:8) A kobold zombie (D:5) A giant spore (D:12) A hobgoblin skeleton (D:6) A kobold skeleton (D:4) A briar patch (Swamp:1) 2 thorn hunters (Swamp:1 Swamp:4) 2 tengu reavers (D:15) 2 stone giants (D:15) 2 shambling mangroves (Swamp:3 Swamp:5) 2 ogre magi (D:15) 2 thrashing horrors (Abyss:2) 2 spriggan druids (Swamp:4) 2 griffons (Lair:3 D:15) 2 manticores (D:13 D:15) 2 gargoyles (D:11 D:15) 2 kobold demonologists (D:15) 2 centaur zombies (D:13 D:15) 2 fire drakes (Lair:8) 2 ancient zymes (Abyss:2) 2 hydra skeletons (D:10 Abyss:2) 2 thorn lotuses (Swamp:3 Swamp:5) 2 flying skulls (Abyss:2) 2 wraiths (Abyss:2) 2 necrophages (D:5 D:11) 2 black bears (Lair:4 Lair:1) 2 porcupines (Lair:3 Lair:4) 2 big kobolds (D:14 D:15) 2 white imps (Abyss:2) 2 hobgoblin zombies (D:5 D:7) 2 butterflies (D:15) 2 fungi (Lair:5 Swamp:5) 3 ghost moths (Spider:2 Spider:5) 3 yaktaur captains (D:13 D:15) 3 giant orange brains (Abyss:2) 3 orc knights (D:15) 3 worldbinders (Abyss:2) 3 black mambas (Lair:1 Lair:8) 3 smoke demons (Abyss:2) 3 vapours (Swamp:2 Swamp:4) 3 efreet (Abyss:2 D:15) 3 baby alligators (Lair:4 Swamp:3) 3 shadows (D:15 Swamp:1) 3 raiju (Abyss:2) 3 ynoxinuls (Abyss:2) 3 vampires (D:15 Abyss:2) 3 hungry ghosts (D:14 D:8) 3 sky beasts (D:6 Abyss:2 D:15) 3 eyes of draining (D:11 D:15 Abyss:1) 3 ufetubi (Abyss:2) 3 giant eyeballs (D:13 D:14) 3 ballistomycetes (D:12) 3 plants (Lair:2 Lair:7) 4 tentacled starspawn (Abyss:2) 4 tengu warriors (D:15) 4 unseen horrors (D:15) 4 orange demons (Abyss:1 Abyss:2) 4 boggarts (D:14) 4 jellies (D:6 Abyss:2) 4 quasits (D:7 D:8 Abyss:2) 4 gnolls (D:7) 4 worms (D:2 D:4 D:8) 5 emperor scorpions (Spider:1 Spider:5) 5 cyclopes (D:9 D:14 D:15) 5 yaktaurs (D:13 D:15) 5 mottled dragons (Lair:8 D:11 D:15) 5 yellow wasps (D:15 D:9 Spider:2 Spider:5) 5 ice beasts (D:8 D:10 D:11 D:12 D:15) 5 goliath beetles (D:7 D:12 D:15 Spider:4 Spider:5) 5 giant newts (D:2 D:3 D:4) 6 death yaks (Lair:8) 6 trolls (D:10 D:13 D:14 D:15) 6 slime creatures (D:12 D:15) 6 steam dragons (D:9 Lair:8 Lair:7 D:12) 6 neqoxecs (Abyss:2) 6 phantoms (D:4 D:13 D:9 Swamp:5) 6 ogres (D:4 D:6 D:7 D:10 Orc:4) 6 giant slugs (D:9 Lair:4 Lair:3 Lair:5 Lair:8) 7 alligators (Swamp:3 Swamp:4 Swamp:5) 7 wyverns (Lair:5 Lair:7 D:12 D:13 D:14) 7 sharks (Lair:1 Lair:2 Lair:3 Spider:5) 7 hippogriffs (Lair:1 Lair:5 Lair:6 Lair:8 Lair:7) 7 wargs (Orc:4) 7 hounds (D:5 D:9 Lair:2 Lair:6 D:10) 7 giant cockroaches (D:1 D:2 D:4 D:5 D:7) 8 centaur warriors (D:13 D:15) 8 hill giants (D:12 D:13 D:14 D:15) 8 komodo dragons (Lair:2 Lair:4 Lair:1 Lair:5 Lair:6) 8 swamp drakes (Swamp:1 Swamp:2 Swamp:3 Swamp:4 Swamp:5) 8 insubstantial wisps (Swamp:4) 8 electric eels (D:7 Lair:1 Lair:2 D:14 Spider:5) 8 crimson imps (D:5 D:6 D:8 D:12 D:13) 8 iguanas (D:7 Lair:1 Lair:3 Lair:5 Lair:8) 9 starcursed masses (Abyss:2) 9 giant fireflies (Swamp:1 Swamp:2 Swamp:3 Swamp:4 Swamp:5) 9 basilisks (Lair:2 Lair:7 Lair:8 D:14 D:15) 10 large abominations (Abyss:2) 10 orc sorcerers (Orc:3 Orc:4 Abyss:2) 10 spiny frogs (Lair:2 Lair:4 Lair:3 Lair:5 Lair:8) 10 spriggans (Lair:4 Swamp:2 Swamp:3 Swamp:4 Swamp:5) 11 red wasps (Spider:2 Spider:4 Spider:5 Swamp:3) 11 ugly things (D:12 D:14 D:15) 11 big fish (D:7 Lair:1 Swamp:1 Swamp:3 Swamp:5) 11 giant geckos (D:1 D:3 D:4 D:8 Lair:1) 11 quokkas (D:5 Lair:1 Lair:2 Lair:3 Lair:4) 11 orc zombies (D:7 D:8 Orc:4) 12 swamp dragons (Lair:4 Swamp:1 Swamp:5) 12 giant goldfish (Lair:2 Lair:1 Lair:3 Swamp:1 Swamp:2) 12 scorpions (D:5 D:7 D:8 D:9 D:11) 13 orb spiders (Spider:1 Spider:2 Spider:3 Spider:4 Spider:5) 13 trapdoor spiders (Lair:6 Spider:1 Spider:2 Spider:3 Spider:4) 13 orc warriors (D:7 Bailey D:8 D:10 Orc:3) 13 adders (D:2 D:3 D:4 D:5 D:9) 14 giant leeches (Swamp:1 Swamp:2 Swamp:3 Swamp:4 Swamp:5) 14 blink frogs (Lair:3 Lair:8 Abyss:2) 14 bog bodies (Swamp:1 Swamp:2 Swamp:4 Swamp:5) 15 tarantellas (Lair:6 Spider:1 Spider:2 Spider:3 Spider:4) 15 small abominations (Abyss:1 Abyss:2) 16 demonic crawlers (Lair:6 Spider:1 Spider:2 Spider:3 Spider:4) 18 ravens (D:15 Swamp:1 Swamp:2 Swamp:3 Swamp:4) 18 water moccasins (D:7 Lair:3 Lair:7 Lair:1 Lair:2) 18 crocodiles (Lair:4 Lair:7 Lair:2 Lair:3 Lair:8) 19 centaurs (D:7 D:8 D:10 D:12 D:14) 19 giant frogs (D:5 D:6 D:7 D:8 D:9) 19 sheep (Lair:4 Lair:8) 19 goblins (D:1 D:3 D:4 D:6 D:7) 21 killer bees (D:8 D:9 D:13 D:14) 21 kobolds (D:1 D:2 D:3 D:8 D:9) 22 soldier ants (D:15 Spider:1) 22 orc priests (D:3 D:6 D:7 D:9 D:10) 22 bats (D:1 D:2 D:3 D:4 D:5) 24 hydras (Lair:1 Lair:8 D:15 Swamp:1 Swamp:2) 24 wolf spiders (D:15 Lair:6 Spider:1 Spider:2 Spider:3) 24 wolves (Lair:4 Lair:8) 24 swamp worms (Swamp:1 Swamp:2 Swamp:3 Swamp:4 Swamp:5) 24 hobgoblins (D:1 D:2 D:3 D:4 D:5) 25 vampire mosquitoes (D:14 D:15 Swamp:2 Swamp:4 Swamp:5) 27 elephants (D:8 D:9 Lair:3 Lair:4 Lair:6) 28 jumping spiders (Lair:6 Spider:1 Spider:2 Spider:3 Spider:4) 30 wights (D:6 D:7 D:8 D:9 D:12) 30 rats (D:1 D:2 D:3 D:4 D:5) 37 orc wizards (D:6 D:7 D:8 D:10 Orc:2) 37 worker ants (D:4 D:5 D:8 D:9 D:12) 39 jackals (D:4 D:6 Lair:1 Lair:2 Lair:3) 40 spiders (Lair:6 Spider:1 Spider:2 Spider:3 Spider:4) 46 redbacks (Lair:6 Spider:1 Spider:2 Spider:3 Spider:4) 46 yaks (D:6 D:7 D:9 Lair:3 Lair:5) 58 green rats (D:7 Lair:2 Lair:3 Lair:4 Lair:1) 179 orcs (D:3 D:6 D:5 D:7 Bailey)
1720 creatures vanquished. The 3-digit Club 179 orcs (D:3 D:6 D:5 D:7 Bailey)
179 creatures vanquished. ----------------------------------------

Vanquished Creatures (collateral kills)
  Monster Symbol All '3'
  A soul eater (Spider:4)
1 creature vanquished. All '4' A red devil (Spider:4)
1 creature vanquished. All ';' An electric eel (Lair:1)
1 creature vanquished. All '@' Rupert (Lair:3)
1 creature vanquished. All 'B' A boulder beetle (Spider:4)
1 creature vanquished. All 'D' 3 hydras (Lair:2 Lair:1 Lair:5)
3 creatures vanquished. All 'F' A giant frog (Lair:3)
1 creature vanquished. All 'H' Arachne (Spider:2) A hippogriff (D:12)
2 creatures vanquished. All 'Y' 2 yaks (D:12)
2 creatures vanquished. All 'h' 3 jackals (Lair:1)
3 creatures vanquished. All 'l' A fire drake (Lair:3) A swamp drake (Swamp:5)
2 creatures vanquished. All 'r' 3 green rats (Lair:5) A quokka (Lair:1)
4 creatures vanquished. All 's' An orb spider (Spider:2) 2 jumping spiders (Spider:2) 4 redbacks (Spider:2 Spider:4) A spider (Spider:2)
8 creatures vanquished. All 'u' 3 ugly things (D:12)
3 creatures vanquished. All 'z' A wight (D:12)
1 creature vanquished.
34 creatures vanquished. Monster Nature Uniques Arachne (Spider:2) Rupert (Lair:3)
2 creatures vanquished. Natural Monsters 3 hydras (Lair:2 Lair:1 Lair:5) An orb spider (Spider:2) 2 jumping spiders (Spider:2) A fire drake (Lair:3) A boulder beetle (Spider:4) 4 redbacks (Spider:2 Spider:4) 2 yaks (D:12) 3 ugly things (D:12) A hippogriff (D:12) A spider (Spider:2) A swamp drake (Swamp:5) A giant frog (Lair:3) An electric eel (Lair:1) 3 green rats (Lair:5) 3 jackals (Lair:1) A quokka (Lair:1)
29 creatures vanquished. Undead Monsters A wight (D:12)
1 creature vanquished. Demonic Monsters A soul eater (Spider:4) A red devil (Spider:4)
2 creatures vanquished.
34 creatures vanquished. Ascending Order Arachne (Spider:2) Rupert (Lair:3) A soul eater (Spider:4) An orb spider (Spider:2) A red devil (Spider:4) A fire drake (Lair:3) A boulder beetle (Spider:4) A hippogriff (D:12) A spider (Spider:2) A swamp drake (Swamp:5) A giant frog (Lair:3) A wight (D:12) An electric eel (Lair:1) A quokka (Lair:1) 2 jumping spiders (Spider:2) 2 yaks (D:12) 3 hydras (Lair:2 Lair:1 Lair:5) 3 ugly things (D:12) 3 green rats (Lair:5) 3 jackals (Lair:1) 4 redbacks (Spider:2 Spider:4)
34 creatures vanquished. ----------------------------------------

Vanquished Creatures (others)
  Monster Symbol All '*'
  6 starspawn tentacle segments (Abyss:2)
6 creatures vanquished. All '1' 5 Executioners (Spider:5 Swamp:5)
5 creatures vanquished. All '2' A balrug (Swamp:5) A green death (Swamp:5) 3 blizzard demons (Swamp:5)
5 creatures vanquished. All '4' An orange demon (Lair:2)
1 creature vanquished. All '5' A crimson imp (D:13) An ufetubus (Abyss:2)
2 creatures vanquished. All 'H' A hippogriff (D:9)
1 creature vanquished. All 'K' A kobold (D:9)
1 creature vanquished. All 'O' An ogre (D:9)
1 creature vanquished. All 'P' 2 briar patches (Swamp:1) A bush (Lair:8) 11 plants (Lair:3 Lair:2)
14 creatures vanquished. All 'S' A water moccasin (Lair:7)
1 creature vanquished. All 'b' A bat (D:6)
1 creature vanquished. All 'e' A deep elf mage (D:12)
1 creature vanquished. All 'f' 5 fungi (Lair:8)
5 creatures vanquished. All 'h' A hound (D:9)
1 creature vanquished. All 'l' A giant gecko (D:9)
1 creature vanquished. All 'n' A necrophage (D:9)
1 creature vanquished. All 'o' 5 orcs (D:6 Orc:4)
5 creatures vanquished. All 's' 2 tarantellas (Spider:5) A trapdoor spider (Spider:5)
3 creatures vanquished. All 't' A crocodile (Lair:4)
1 creature vanquished. All 'w' A giant leech (Swamp:3) 12 starspawn tentacles (Abyss:2)
13 creatures vanquished. All 'z' A water moccasin zombie (D:6) A wight (D:6)
2 creatures vanquished.
71 creatures vanquished. Monster Nature Natural Monsters A giant leech (Swamp:3) A deep elf mage (D:12) 2 tarantellas (Spider:5) A trapdoor spider (Spider:5) A hippogriff (D:9) A water moccasin (Lair:7) An ogre (D:9) A crocodile (Lair:4) A hound (D:9) A giant gecko (D:9) 5 orcs (D:6 Orc:4) A kobold (D:9) A bat (D:6)
18 creatures vanquished. Non-Living Monsters 12 starspawn tentacles (Abyss:2) 6 starspawn tentacle segments (Abyss:2)
18 creatures vanquished. Undead Monsters A necrophage (D:9) A water moccasin zombie (D:6) A wight (D:6)
3 creatures vanquished. Demonic Monsters 5 Executioners (Spider:5 Swamp:5) A balrug (Swamp:5) A green death (Swamp:5) 3 blizzard demons (Swamp:5) An orange demon (Lair:2) A crimson imp (D:13) An ufetubus (Abyss:2)
13 creatures vanquished. Plants 2 briar patches (Swamp:1) A bush (Lair:8) 5 fungi (Lair:8) 11 plants (Lair:3 Lair:2)
19 creatures vanquished.
71 creatures vanquished. Ascending Order A balrug (Swamp:5) A green death (Swamp:5) An orange demon (Lair:2) A giant leech (Swamp:3) A deep elf mage (D:12) A trapdoor spider (Spider:5) A hippogriff (D:9) A necrophage (D:9) A water moccasin (Lair:7) An ogre (D:9) A crocodile (Lair:4) A water moccasin zombie (D:6) A wight (D:6) A crimson imp (D:13) A hound (D:9) An ufetubus (Abyss:2) A giant gecko (D:9) A kobold (D:9) A bat (D:6) A bush (Lair:8) 2 tarantellas (Spider:5) 2 briar patches (Swamp:1) 3 blizzard demons (Swamp:5) 5 Executioners (Spider:5 Swamp:5) 5 orcs (D:6 Orc:4) 5 fungi (Lair:8) 6 starspawn tentacle segments (Abyss:2) 11 plants (Lair:3 Lair:2) 12 starspawn tentacles (Abyss:2)
71 creatures vanquished. ----------------------------------------

Grand Total: 1825 creatures vanquished
